Map: Goldenaura LE

Players

Fullheart

  • Race: Protoss Protoss
  • Spawn Location: 5:00

DRG - Winner!

  • Race: Zerg Zerg
  • Spawn Location: 12:00

Event: ESL Spring 2024 Finals

VOD

Have the link to the VOD?

Description

Time

  • Played on: May 31, 2024, 6:48 p.m.
  • Length: 4:52

All games in this series

Show
View Real Time Build Order
Export as new Build Order

Fullheart Protoss 

Build Orders: Cannon Rush 

Get SALT Encoding   

  12  0:00  Probe  
  13  0:12  Probe  
  14  0:17  Pylon  
  14  0:24  Probe  
  15  0:35  Forge  
  15  0:40  Probe  
  16  0:50  Pylon  
  16  0:52  Probe  
  17  1:05  Probe  
  17  1:10  Gateway  
  18  1:17  Probe  
  19  1:22  Photon Cannon  
  19  1:29  Assimilator  
  19  1:35  Photon Cannon  
  19  1:38  Probe  
  20  1:49  Photon Cannon  
  20  1:50  Pylon  
  20  2:01  Photon Cannon  
  19  2:10  Cybernetics Core, Probe  
  19  2:14  Assimilator  
  20  2:17  Photon Cannon  
  20  2:20  Photon Cannon  
  20  2:26  Gateway  
  20  2:32  Photon Cannon  
  20  2:35  Pylon  
  20  2:43  Photon Cannon  
  20  2:47  Stalker (Chrono Boost)  
  22  3:01  Robotics Facility  
  22  3:06  Shield Battery  
  22  3:13  Stalker (Chrono Boost)  
  24  3:25  Probe  
  25  3:29  Shield Battery  
  25  3:47  Immortal (Chrono Boost)  
  27  4:11  Pylon  
  29  4:23  Photon Cannon  
  29  4:28  Pylon  
Show
View Real Time Build Order
Export as new Build Order

DRG Zerg - Winner!

Build Orders: Pool First, Ravager All-In 

Get SALT Encoding   

  12  0:00  Drone  
  13  0:11  Overlord  
  13  0:17  Drone  
  14  0:30  Drone x2  
  14  0:33  Drone  
  17  0:44  Spawning Pool  
  17  0:48  Drone  
  17  1:08  Hatchery  
  16  1:11  Drone  
  17  1:28  Extractor  
  17  1:31  Zergling x6  
  19  1:34  Queen  
  21  1:46  Overlord  
  21  1:53  Drone  
  22  2:07  Roach Warren  
  20  2:13  Drone  
  20  2:15  Extractor  
  20  2:18  Drone  
  20  2:22  Drone  
  22  2:27  Drone  
  23  2:31  Drone  
  23  2:36  Drone  
  25  2:51  Roach  
  25  2:52  Roach  
  25  2:57  Roach x2  
  33  3:04  Overlord  
  33  3:12  Ravager x2  
  35  3:18  Ravager  
  36  3:22  Overlord  
  36  3:26  Zergling x4  
  38  3:31  Ravager  
  39  3:35  Roach  
  41  3:46  Roach  
  43  3:49  Zergling x2  
  43  3:50  Zergling x2  
  44  3:55  Ravager  
  44  4:02  Roach x2  
  43  4:19  Zergling x2  
  43  4:22  Ravager  
  43  4:23  Zergling x8  
  48  4:34  Zergling x4  
Tags
 
Add a new tag
Caveats
  • Supply blocks, unpowered buildings, or Contaminate may cause inaccurate times.
  • Supply counts are checked every 10 seconds.